 Dungeon Crawl Stone Soup version 0.22-a0-533-g4d20840 (webtiles) character file.

11863 kae the Martial Artist (level 11, 0/83 HPs)
             Began as a Demonspawn Transmuter on June 22, 2018.
             Was a Believer of Okawaru.
             Slain by a skeletal warrior
             ... wielding a +0 mace
             ... led by a skeletal warrior
              (6 damage)
             ... on level 11 of the Dungeon.
             The game lasted 00:13:47 (13256 turns).

kae the Martial Artist (Demonspawn Transmuter)     Turns: 13256, Time: 00:13:47

Health: 0/83       AC:  8    Str: 11    XL:     11   Next: 54%
Magic:  0/21       EV: 18    Int: 18    God:    Okawaru [**....]
Gold:   621        SH:  0    Dex: 17    Spells: 8/23 levels left

rFire    . . .     SeeInvis .     - Unarmed
rCold    + . .     Gourm    .   (shield currently unavailable)
rNeg     + . .     Faith    .   I - +1 leather armour {rC+}
rPois    .         Spirit   +   J - +0 hat
rElec    .         Reflect  .   p - +2 cloak
rCorr    .         Harm     .   (gloves currently unavailable)
MR       .....                  (no boots)
Stlth    +++.......             E - amulet of guardian spirit
HPRegen  0.23/turn              g - +4 ring of intelligence
MPRegen  0.17/turn              w - ring of positive energy

@: blade hands, heroism
A: antennae 1, claws 2, talons 2, demonic guardian 1, rot immunity
a: End Transformation, Heroism, Renounce Religion


You were on level 11 of the Dungeon.
You worshipped Okawaru.
Okawaru was pleased with you.
You were hungry.
You had blades for hands.
You visited 2 branches of the dungeon, and saw 12 of its levels.
You also visited: Bailey.

You collected 621 gold pieces.

Inventory:

Missiles
 a - 89 arrows
Armour
 m - a +1 pair of gloves (melded)
 o - a +1 buckler (melded)
 p - a +2 cloak (worn)
 I - a +1 leather armour of cold resistance (worn)
 J - a +0 hat (worn)
Jewellery
 g - a +4 ring of intelligence (left scythe-like blade)
 j - an uncursed ring of positive energy
 r - an uncursed amulet of harm
 u - an uncursed ring of resist corrosion
 w - a ring of positive energy (right scythe-like blade)
 E - an amulet of guardian spirit (around neck)
Wands
 b - a wand of disintegration (15)
 k - a wand of iceblast (10)
 n - a wand of flame (19)
 v - a wand of clouds (5)
Scrolls
 c - 3 scrolls of enchant armour
 f - 2 scrolls of teleportation
 h - 2 scrolls of identify
 l - 9 scrolls of remove curse
 s - a scroll of vulnerability {unknown}
 y - 3 scrolls of amnesia
 D - 2 scrolls of fog
Potions
 e - a potion of cancellation {unknown}
 i - 2 potions of haste
 t - a potion of invisibility {unknown}
 x - a potion of mutation
 z - a potion of degeneration
 A - 2 potions of curing
 B - a potion of brilliance
 C - a potion of magic
 F - 2 potions of might {unknown}
 G - a potion of heal wounds {unknown}
 H - 3 potions of ambrosia {unknown}
Comestibles
 d - 18 rations


   Skills:
 + Level 6.9(11.9) Fighting
 + Level 3.0(8.0) Armour
 + Level 3.7(8.7) Dodging
 - Level 4.1(9.1) Shields
 * Level 9.4(14.4) Unarmed Combat
 + Level 6.6 Spellcasting
 * Level 9.2 Transmutations
 * Level 3.9 Invocations


You had 8 spell levels left.
You knew the following spells:

 Your Spells              Type           Power        Failure   Level  Hunger
a - Beastly Appendage     Tmut           #####.       10%         1    None
b - Sticks to Snakes      Tmut           #####...     12%         2    None
c - Spider Form           Tmut/Pois      ###.......   36%         3    ##.....
d - Blade Hands           Tmut           #####.....   43%         5    #####..
e - Ice Form              Ice/Tmut       ###.....     65%         4    ####...

Your spell library contained the following spells:

 Spells                   Type           Power        Failure   Level  Hunger
 Magic Dart               Conj           #...         54%         1    None
 Iskenderun's Mystic Bla  Conj           #.......     98%         4    ####...
 Fulminant Prism          Conj/Hex       #.........   98%         4    ####...
 Dazzling Spray           Conj/Hex       #.....       80%         3    ##.....
 Force Lance              Conj/Tloc      #.......     98%         4    ####...
 Searing Ray              Conj           #.....       65%         2    None


Dungeon Overview and Level Annotations

Branches:
Dungeon (11/15)            Temple (1/1) D:5            Lair (0/6) D:11
    Orc: D:9-12

Altars:
Ashenzari
Cheibriados
Dithmenos
Elyvilon
Fedhas
Gozag
Hepliaklqana
Kikubaaqudgha
Makhleb
Nemelex Xobeh
Okawaru
Qazlal
Ru
Sif Muna
Trog
Uskayaw
Vehumet
Wu Jian
Xom
Yredelemnul
Zin
The Shining One

Shops:
D:8 (:}[(


Innate Abilities, Weirdness & Mutations

You have a pair of small antennae on your head.
You have very sharp fingernails.
You have razor-sharp toenails.
A weak demonic guardian rushes to your aid.
You are immune to rotting.


Message History

You claw the skeletal warrior, but do no damage.
You slash the skeletal warrior, but do no damage.
The skeletal warrior hits you with a mace.
* * * LOW HITPOINT WARNING * * *
You barely miss the skeletal warrior.
You hit the skeletal warrior but do no damage.
The skeletal warrior completely misses you.
You slash the skeletal warrior!
You claw the skeletal warrior, but do no damage.
The skeletal warrior is lightly damaged.
The skeletal warrior hits you with a mace!
* * * LOW HITPOINT WARNING * * *
You hit the skeletal warrior.
You claw the skeletal warrior, but do no damage.
The skeletal warrior is moderately damaged.
The centaur skeleton misses you.
You slice the skeletal warrior!!
The skeletal warrior is severely damaged.
The skeletal warrior hits you with a mace!
You die...

..#...##..#..# ### #..##
.##...#.....## #.####..∩#
.#.......#### #...###.§#
#........# ## ##.....#..##
.........##.# #..........#
...)........# #..........#
......#....#### #..........##
....###.......###...........#
.<.## #.<......5@z..........#
..## #.#..######Z..........#
.## #.##### #.[........##..
## #.. #.........## ### # #..
#.........# #.# #....######
.# ###### ..


You could see a skeletal warrior, a centaur skeleton and a friendly iron imp.

Vanquished Creatures
  Josephine (D:11)
  2 two-headed ogres (D:10)
  2 skeletal warriors (D:11)
  An unseen horror (D:10)
  A deep elf mage (Bailey)
  4 gargoyles
  A polar bear (D:11)
  4 hippogriffs
  A spriggan (D:7)
  3 wraiths (D:11)
  7 yaks (D:11)
  Grum (D:8)
  A steam dragon (D:7)
  2 orc warriors
  2 sky beasts
  A slave (D:4)
  3 ice beasts
  An ogre (D:8)
  A centaur (D:10)
  3 wolves
  2 crocodiles
  2 big kobolds
  4 bullfrogs
  3 wights (D:8)
  A howler monkey (D:7)
  3 crimson imps
  2 jellies (D:10)
  5 orc priests
  7 hounds
  7 orc wizards
  2 centaur skeletons
  A gnoll shaman (D:7)
  2 iguanas
  4 worker ants
  A hound zombie (D:7)
  A hound skeleton (D:11)
  A mummy (D:6)
  A worker ant zombie (D:11)
  5 gnolls (D:7)
  A howler monkey skeleton (D:3)
  10 adders
  5 shadow imps
  An adder skeleton (D:4)
  2 worms (D:4)
  2 dart slugs (D:3)
  4 leopard geckos
  28 orcs
  4 ball pythons
  8 giant cockroaches
  4 goblins
  6 hobgoblins
  12 jackals
  4 quokkas
  4 bats
  2 frilled lizards
  A hobgoblin zombie (D:6)
  A jackal skeleton (D:7)
  8 kobolds
  A leopard gecko skeleton (D:4)
  3 rats
207 creatures vanquished.

Vanquished Creatures (collateral kills)
  A two-headed ogre (D:8)
  Pikel (D:4)
  A gargoyle (D:7)
  Prince Ribbit (D:7)
  A hornet (D:7)
  An ogre (D:6)
  A wolf (D:8)
  3 orc wizards
  A worker ant (D:7)
  5 orcs
  2 giant cockroaches
  2 kobolds (D:10)
20 creatures vanquished.

Vanquished Creatures (others)
  2 crimson imps (D:6)
  A quasit (D:6)
  A hobgoblin zombie (D:6)
  A kobold zombie (D:6)
  An orc zombie (D:6)
6 creatures vanquished.

Grand Total: 233 creatures vanquished

Notes
Turn   | Place    | Note
-------+----------+-------------------------------------------
     0 | D:1      | kae the Demonspawn Transmuter began the quest for the Orb.
     0 | D:1      | Reached XP level 1. HP: 15/15 MP: 3/3
   230 | D:1      | Gained mutation: You have a pair of small antennae on your head. [demonic ancestry]
   230 | D:1      | Reached XP level 2. HP: 21/21 MP: 3/5
   239 | D:1      | Learned a level 2 spell: Sticks to Snakes
   292 | D:1      | Found a sparkling altar of Nemelex Xobeh.
   975 | D:2      | Gained mutation: A weak demonic guardian rushes to your aid. [demonic ancestry]
   975 | D:2      | Reached XP level 3. HP: 19/26 MP: 4/6
  1907 | D:3      | Reached XP level 4. HP: 33/33 MP: 7/7
  2359 | D:3      | Found a sacrificial altar of Ru.
  2377 | D:3      | Reached skill level 1 in Shields
  2884 | D:3      | Gained mutation: You are immune to rotting. [demonic ancestry]
  2884 | D:3      | Reached XP level 5. HP: 38/38 MP: 8/8
  3309 | D:4      | Noticed a slave
  3310 | D:4      | Noticed a slave
  3310 | D:4      | Noticed a slave
  3312 | D:4      | Noticed a slave
  3313 | D:4      | Noticed Pikel
  3322 | D:4      | Killed a slave
  3366 | D:4      | Killed Pikel
  3366 | D:4      | Gained mutation: You have sharp fingernails. [demonic ancestry]
  3366 | D:4      | Reached XP level 6. HP: 31/46 MP: 10/10
  3366 | D:4      | Reached XP level 7. HP: 34/51 MP: 11/11
  3961 | D:5      | Entered Level 5 of the Dungeon
  4722 | D:5      | Found a staircase to the Ecumenical Temple.
  4742 | Temple   | Entered the Ecumenical Temple
  5325 | D:5      | Learned a level 3 spell: Spider Form
  5344 | D:6      | Reached skill level 5 in Unarmed Combat
  6092 | D:6      | Found a shadowy altar of Dithmenos.
  6118 | D:6      | Gained mutation: You have very sharp fingernails. [demonic ancestry]
  6118 | D:6      | Reached XP level 8. HP: 58/58 MP: 7/13
  6462 | D:7      | Found a flagged portal.
  6530 | Bailey   | Entered a bailey
  6566 | Bailey   | Noticed a deep elf mage
  6584 | Bailey   | Killed a deep elf mage
  6584 | Bailey   | Reached skill level 5 in Transmutations
  6619 | Bailey   | Noticed a deep elf mage
  7203 | D:7      | Noticed a hornet
  7205 | D:7      | Noticed Prince Ribbit
  7214 | D:7      | Killed a hornet
  7234 | D:7      | Killed Prince Ribbit
  7607 | D:7      | Noticed a gargoyle
  7612 | D:7      | Mutation became permanent: You have razor-sharp toenails. [demonic ancestry]
  7612 | D:7      | Gained mutation: You have claws for feet. [demonic ancestry]
  7612 | D:7      | Reached XP level 9. HP: 50/66 MP: 12/15
  7738 | D:7      | Noticed a gargoyle
  7745 | D:7      | Noticed a gargoyle
  7750 | D:7      | Killed a gargoyle
  7755 | D:7      | Killed a gargoyle
  7764 | D:7      | Killed a gargoyle
  7764 | D:7      | Reached skill level 5 in Spellcasting
  7848 | D:7      | Noticed a gargoyle
  7878 | D:7      | Killed a gargoyle
  7878 | D:7      | Reached skill level 5 in Fighting
  8115 | D:7      | Found a stormy altar of Qazlal.
  8338 | D:7      | Found a burning altar of Makhleb.
  8682 | D:8      | Noticed Grum
  8682 | D:8      | Noticed a two-headed ogre
  8856 | D:8      | Killed Grum
  8891 | D:8      | Found a radiant altar of Vehumet.
  8900 | D:8      | Killed a two-headed ogre
  8900 | D:8      | Gained mutation: You have razor-sharp toenails. [demonic ancestry]
  8900 | D:8      | Reached XP level 10. HP: 32/74 MP: 9/18
  9085 | D:8      | Found Qaddec's Weapon Boutique.
  9147 | D:8      | Found Xyfih's Antique Armour Shop.
  9434 | D:8      | Learned a level 5 spell: Blade Hands
  9439 | D:8      | Learned a level 4 spell: Ice Form
  9492 | D:8      | Found Fileusaamp's Gadget Shop.
  9522 | D:8      | Found Zazoalepn's Book Shoppe.
  9564 | D:8      | Found an iron altar of Okawaru.
  9565 | D:8      | Found a snail-covered altar of Cheibriados.
  9590 | D:8      | Found an ancient bone altar of Kikubaaqudgha.
  9594 | D:8      | Found Iviafrupt's Antique Weapon Boutique.
  9804 | D:9      | Found a shattered altar of Ashenzari.
  9913 | D:9      | Found a blossoming altar of Fedhas.
 10344 | D:9      | Found a shimmering altar of Xom.
 10762 | D:10     | Entered Level 10 of the Dungeon
 10833 | D:10     | Noticed a two-headed ogre
 10844 | D:10     | Killed a two-headed ogre
 10844 | D:10     | Reached skill level 1 in Armour
 11074 | D:10     | Noticed a gargoyle
 11090 | D:10     | Killed a gargoyle
 11570 | D:10     | Killed an unseen horror
 11759 | D:10     | Noticed a two-headed ogre
 11774 | D:10     | Killed a two-headed ogre
 11780 | D:10     | HP: 3/77 [hippogriff (7)]
 12151 | D:10     | Reached XP level 11. HP: 77/83 MP: 18/20
 12482 | D:11     | Found a labyrinth entrance.
 12492 | D:11     | Noticed a skeletal warrior
 12613 | D:8      | Became a worshipper of Warmaster Okawaru
 12726 | D:11     | Noticed Josephine
 12738 | D:11     | Killed Josephine
 12738 | D:11     | Reached skill level 1 in Invocations
 12808 | D:11     | Reached * piety under Okawaru
 13037 | D:11     | Found a staircase to the Lair.
 13103 | D:11     | Noticed an ice dragon
 13123 | D:11     | Reached ** piety under Okawaru
 13210 | D:11     | Noticed a skeletal warrior
 13210 | D:11     | Noticed a skeletal warrior
 13244 | D:11     | Killed a skeletal warrior
 13249 | D:11     | Killed a skeletal warrior
 13256 | D:11     | Slain by a skeletal warrior

Vault maps used:
D:1:      eino_arrival_cavern_e, nemelex_xobeh_ov_fountains_minmay
D:3:      nicolae_ru_great_annihilating_truth, guppyfry_early_lair_pool
D:4:      first_ration, uniq_pikel
D:5:      minmay_temple_entry_overgrown, minivault_24
D:6:      nicolae_dithmenos_through_a_glass_darkly, minmay_mini_ossuary
D:7:      cheibrodos_statue_roulette, lemuel_coloured_pillars_altar,
          old_standard_altar, enter_bailey_2, the_bakery, uniq_prince_ribbit1
D:8:      vehumet_crystals, gammafunk_temple_overflow_statue, kennysheep_mini,
          serial_shops, shop, nicolae_shop_temple_entry_statues_fountains, shop,
          shop, nicolae_shop_waterfront, uniq_grum
D:9:      nicolae_overflow_crystal_walls, marbit_many_paths, fedhas_altar_3
D:10:     serial_aquarium, aquarium_bridge_island_small,
          aquarium_window_corridor_3, aquarium_window_1, aquarium_view_2f,
          aquarium_balcony_1b, aquarium_pool_four, minmay_misc_feat_plants
D:11:     lair_entry_dummy, david_orc_4, lab_entry_generic,
          portal_ice_cave_entry_animals_and_master, uniq_josephine
Temple:   jpeg_temple_clearing
Bailey:   bailey_polearm_3, bailey

Skill      XL: |  1  2  3  4  5  6  7  8  9 10 11 |
---------------+----------------------------------+-----
Transmutations | 2 4 6 7 8 9 |  9.2
Unarmed Combat | 3 4 5 6 7 8 9 |  9.4
Shields        | 1 2 3 4 |  4.1
Fighting       | 2 3 4 5 6 |  6.9
Spellcasting   | 3 4 5 6 |  6.6
Dodging        | 3 |  3.7
Armour         | 2 3 |  3.0
Invocations    | 3 |  3.9

Action                   |  1- 3 |  4- 6 |  7- 9 | 10-12 || total
-------------------------+-------+-------+-------+-------++-------
Melee: Unarmed           |   123 |   185 |   393 |   321 ||  1022
       Kick              |    11 |     9 |    99 |    94 ||   213
       Headbutt          |     1 |       |       |       ||     1
       Punch             |       |       |       |     4 ||     4
 Cast: Beastly Appendage |    11 |     3 |    17 |       ||    31
       Sticks to Snakes  |       |       |     9 |     1 ||    10
       Blade Hands       |       |       |       |    17 ||    17
       Spider Form       |       |       |       |     1 ||     1
Invok: Heroism           |       |       |       |     1 ||     1
Evoke: Wand              |       |       |     1 |       ||     1
  Use: Scroll            |       |       |    21 |     5 ||    26
       Potion            |       |       |     4 |     1 ||     5
 Stab: Sleeping          |     1 |       |       |     1 ||     2
       Paralysed         |       |     2 |       |       ||     2
       Invisible         |       |     1 |       |       ||     1
       Distracted        |       |       |     5 |     2 ||     7
  Eat: Chunk             |     3 |     5 |    15 |    15 ||    38
       Ration            |       |       |     1 |     1 ||     2
Armor: Robe              |    12 |       |       |       ||    12
       Ring mail         |    31 |    80 |    83 |    21 ||   215
       Skin              |       |       |    10 |       ||    10
       Leather armour    |       |       |       |    48 ||    48
       Steam dragon scal |       |       |       |     1 ||     1
Dodge: Dodged            |    69 |    79 |   122 |   112 ||   382
Block: Buckler           |    12 |    20 |    79 |    52 ||   163

Table legend:
 A = Spawn XP
 B = Non-spawn XP
 C = Spawn XP percentage of total XP
 D = Spawn monster count
 E = Non-spawn monster count
 F = Spawn count percentage of total count
 G = Total turns spent on level
                    A         B        C        D         E        F      G
               +---------+---------+-------+---------+---------+-------+---------
         Total |       0 |   16948 |   0.0 |       0 |     226 |   0.0 | 13256
               +---------+---------+-------+---------+---------+-------+---------
           D:1 |       0 |      20 |   0.0 |       0 |      12 |   0.0 |   887
           D:2 |       0 |      51 |   0.0 |       0 |      15 |   0.0 |   863
           D:3 |       0 |     126 |   0.0 |       0 |      28 |   0.0 |  1137
           D:4 |       0 |     655 |   0.0 |       0 |      22 |   0.0 |  1115
           D:5 |       0 |     125 |   0.0 |       0 |       4 |   0.0 |  1433
           D:6 |       0 |     473 |   0.0 |       0 |      16 |   0.0 |   896
           D:7 |       0 |    2534 |   0.0 |       0 |      29 |   0.0 |  2072
           D:8 |       0 |    2394 |   0.0 |       0 |      35 |   0.0 |  1214
           D:9 |       0 |     546 |   0.0 |       0 |      12 |   0.0 |   995
          D:10 |       0 |    4112 |   0.0 |       0 |      27 |   0.0 |  1782
          D:11 |       0 |    5421 |   0.0 |       0 |      25 |   0.0 |   648
        Bailey |       0 |     491 |   0.0 |       0 |       1 |   0.0 |    93
               +---------+---------+-------+---------+---------+-------+---------
